General information
- name: BNet
- type: Ladder team game (AT/RT)
- host: Battle.net
- saver: sc2no.wc4yes
map: Slalom
- players: 8
- length: 11:21
- speed: Fast
- version: 1.26 W3XP
- replay type: Public
» download(61 KB)
Players
team 1 (winner)
xanadustc (
orange | 37 APM | 424 actions | 11:20)
3 Priestess of the Moon
2 Trueshot Aura
1 Scout
» actions
| Assign group hotkey | 15 | |
| Basic commands | 80 | |
| Build / train | 41 | |
| Enter build submenu | 8 | |
| Enter hero's abilities submenu | 3 | |
| Remove unit from queue | 3 | |
| Right click | 49 | |
| Select / deselect | 98 | |
| Select group hotkey | 114 | |
| Use ability | 13 | |
424 total
» units
» upgrades
| Strength of the Moon | 2 | |
| Moon Armor | 2 | |
| Improved Bows | 1 | |
5 total
» buildings
| Altar of Elders | 1 | |
| Moon Well | 4 | |
| Ancient of War | 1 | |
| Hunter's Hall | 1 | |
| Tree of Ages | 1 | |
| Ancient of Wonders | 1 | |
9 total
» build order
00:06 Altar of Elders
00:08 Moon Well
00:09 Ancient of War
01:57 Moon Well
02:46 Moon Well
03:17 Hunter's Hall
04:03 Moon Well
06:34 Tree of Ages
06:52 Ancient of Wonders
machx (
blue | 48 APM | 543 actions | 11:20)
4 Keeper of the Grove
2 Force of Nature
2 Thorns Aura
» actions
| Assign group hotkey | 49 | |
| Basic commands | 51 | |
| Build / train | 35 | |
| ESC pressed | 2 | |
| Enter build submenu | 11 | |
| Enter hero's abilities submenu | 4 | |
| Right click | 171 | |
| Select / deselect | 95 | |
| Select group hotkey | 103 | |
| Use ability | 22 | |
543 total
» units
» upgrades
| Strength of the Moon | 2 | |
| Moon Armor | 2 | |
| Ultravision | 1 | |
5 total
» buildings
| Moon Well | 4 | |
| Altar of Elders | 1 | |
| Hunter's Hall | 1 | |
| Ancient of War | 1 | |
| Ancient of Wonders | 1 | |
| Tree of Ages | 1 | |
| Tree of Life | 1 | |
10 total
» build order
00:19 Moon Well
01:14 Altar of Elders
01:36 Hunter's Hall
01:40 Ancient of War
02:01 Moon Well
02:56 Moon Well
03:42 Ancient of Wonders
03:53 Moon Well
05:16 Tree of Ages
06:28 Tree of Life

»
sc2no.wc4yes (
pink | 87 APM | 982 actions | 11:21)
5 Priestess of the Moon
3 Trueshot Aura
2 Scout
5 Goblin Tinker
3 Pocket Factory
2 Engineering Upgrade
» actions
| Assign group hotkey | 48 | |
| Basic commands | 32 | |
| Build / train | 77 | |
| ESC pressed | 2 | |
| Enter build submenu | 21 | |
| Enter hero's abilities submenu | 10 | |
| Right click | 276 | |
| Select / deselect | 164 | |
| Select group hotkey | 295 | |
| Use ability | 57 | |
982 total
» units
» upgrades
» buildings
| Altar of Elders | 2 | |
| Moon Well | 9 | |
| Ancient of War | 4 | |
| Hunter's Hall | 2 | |
| Tree of Life | 3 | |
| Tree of Ages | 2 | |
| Tree of Eternity | 1 | |
23 total
» build order
00:17 Altar of Elders
00:20 Moon Well
00:23 Altar of Elders
00:29 Moon Well
01:11 Ancient of War
01:42 Moon Well
02:03 Hunter's Hall
02:06 Ancient of War
02:08 Ancient of War
02:11 Ancient of War
02:17 Moon Well
02:27 Moon Well
03:09 Moon Well
03:40 Moon Well
03:50 Moon Well
05:19 Tree of Life
05:46 Tree of Life
06:06 Tree of Ages
06:47 Moon Well
07:00 Hunter's Hall
07:35 Tree of Ages
08:53 Tree of Eternity
08:59 Tree of Life
team 2 (loser)
PullMyfinger (
green | 46 APM | 520 actions | 11:19)
4 Death Knight
2 Death Coil
2 Unholy Aura
» actions
| Basic commands | 34 | |
| Build / train | 45 | |
| Enter build submenu | 18 | |
| Enter hero's abilities submenu | 4 | |
| Remove unit from queue | 2 | |
| Right click | 219 | |
| Select / deselect | 165 | |
| Use ability | 33 | |
520 total
» units
| Acolyte | 7 | |
| Ghoul | 5 | |
| Crypt Fiend | 6 | |
| Necromancer | 5 | |
| Meatwagon | 2 | |
| Obsidian Statue | 1 | |
| Abomination | 1 | |
27 total
» upgrades
| Web | 1 | |
| Skeletal Longevity | 1 | |
| Necromancer Training | 2 | |
| Skeletal Mastery | 1 | |
5 total
» buildings
| Ziggurat | 6 | |
| Crypt | 1 | |
| Altar of Darkness | 1 | |
| Graveyard | 1 | |
| Tomb of Relics | 1 | |
| Halls of the Dead | 1 | |
| Necropolis | 1 | |
| Temple of the Damned | 1 | |
| Slaughterhouse | 1 | |
| Black Citadel | 1 | |
| Spirit Tower | 3 | |
18 total
» build order
00:08 Ziggurat
00:13 Crypt
00:43 Altar of Darkness
01:01 Graveyard
01:34 Tomb of Relics
02:01 Ziggurat
03:29 Halls of the Dead
04:50 Ziggurat
05:34 Necropolis
06:12 Temple of the Damned
07:01 Ziggurat
07:02 Ziggurat
07:05 Ziggurat
07:24 Slaughterhouse
08:21 Black Citadel
10:10 Spirit Tower
10:11 Spirit Tower
10:12 Spirit Tower
» items

»
umustbsharkbait (
teal | 28 APM | 317 actions | 11:08)
3 Death Knight
1 Death Coil
2 Unholy Aura
» actions
| Assign group hotkey | 4 | |
| Basic commands | 13 | |
| Build / train | 24 | |
| Enter build submenu | 16 | |
| Enter hero's abilities submenu | 3 | |
| Remove unit from queue | 1 | |
| Right click | 49 | |
| Select / deselect | 92 | |
| Select group hotkey | 92 | |
| Use ability | 23 | |
317 total
» units
| Acolyte | 3 | |
| Ghoul | 3 | |
| Crypt Fiend | 3 | |
9 total
» upgrades
| Creature Attack | 2 | |
| Creature Carapace | 2 | |
4 total
» buildings
| Crypt | 2 | |
| Ziggurat | 6 | |
| Graveyard | 1 | |
| Altar of Darkness | 1 | |
| Halls of the Dead | 1 | |
| Black Citadel | 1 | |
| Necropolis | 1 | |
| Sacrificial Pit | 1 | |
| Spirit Tower | 2 | |
| Nerubian Tower | 2 | |
18 total
» build order
00:26 Crypt
00:30 Crypt
00:37 Ziggurat
01:08 Ziggurat
01:32 Graveyard
02:31 Altar of Darkness
02:49 Ziggurat
05:24 Halls of the Dead
06:43 Ziggurat
06:45 Ziggurat
07:00 Ziggurat
07:45 Black Citadel
08:33 Necropolis
09:03 Sacrificial Pit
09:53 Spirit Tower
09:55 Spirit Tower
09:56 Spirit Tower
10:21 Nerubian Tower
10:23 Nerubian Tower
Mustang81 (
purple | 24 APM | 256 actions | 10:34)
2 Death Knight
1 Death Coil
1 Unholy Aura
1 Lich
1 Frost Nova
» actions
| Assign group hotkey | 10 | |
| Basic commands | 1 | |
| Build / train | 21 | |
| Enter build submenu | 14 | |
| Enter hero's abilities submenu | 3 | |
| Right click | 99 | |
| Select / deselect | 87 | |
| Use ability | 21 | |
256 total
» units
» buildings
| Crypt | 1 | |
| Ziggurat | 7 | |
| Graveyard | 1 | |
| Tomb of Relics | 1 | |
| Altar of Darkness | 1 | |
| Halls of the Dead | 1 | |
| Nerubian Tower | 1 | |
| Necropolis | 1 | |
| Black Citadel | 1 | |
| Sacrificial Pit | 1 | |
16 total
» build order
00:23 Crypt
00:38 Ziggurat
01:21 Graveyard
01:37 Ziggurat
01:52 Ziggurat
02:29 Tomb of Relics
02:50 Altar of Darkness
04:05 Ziggurat
04:42 Halls of the Dead
04:52 Nerubian Tower
06:43 Necropolis
06:54 Ziggurat
07:07 Black Citadel
07:19 Sacrificial Pit
07:53 Ziggurat
07:56 Ziggurat
» items
| Rod of Necromancy | 1 | |
| Sacrificial Skull | 1 | |
2 total

»
DarkMen (
yellow | 35 APM | 343 actions | 09:54)
2 Dreadlord
1 Sleep
1 Vampiric Aura
1 Pit Lord
1 Howl of Terror
» actions
| Build / train | 30 | |
| Enter build submenu | 16 | |
| Enter hero's abilities submenu | 3 | |
| Right click | 136 | |
| Select / deselect | 136 | |
| Use ability | 22 | |
343 total
» units
| Acolyte | 3 | |
| Ghoul | 13 | |
| Crypt Fiend | 3 | |
19 total
» upgrades
| Web | 1 | |
| Creature Attack | 2 | |
| Creature Carapace | 1 | |
4 total
» buildings
| Ziggurat | 5 | |
| Altar of Darkness | 1 | |
| Graveyard | 1 | |
| Crypt | 1 | |
| Halls of the Dead | 1 | |
| Black Citadel | 1 | |
| Sacrificial Pit | 1 | |
| Boneyard | 1 | |
12 total
» build order
00:09 Ziggurat
00:16 Altar of Darkness
00:44 Graveyard
01:03 Crypt
01:48 Ziggurat
03:06 Halls of the Dead
04:39 Ziggurat
05:36 Black Citadel
05:39 Sacrificial Pit
07:29 Ziggurat
08:04 Ziggurat
08:10 Boneyard
Chat log
(00:09 / Allies) sc2no.wc4yes: all elf
(00:10 / Allies) sc2no.wc4yes: mass tier 1
(00:12 / Allies) sc2no.wc4yes: hit at 50 food
(00:28 / Allies) machx: k
(00:36 / Allies) xanadustc: kk
(01:03 / Allies) sc2no.wc4yes: ill have the leaver go potm
(01:20 / Allies) machx: ill go hunts
(01:25 / Allies) xanadustc: archers here
(01:29 / Allies) sc2no.wc4yes: hunts here too, having leave rgo archers
(01:47 / Allies) xanadustc: POM then Keeper if needed
(03:02 / All) PullMyfinger: Cr
(05:21 / Allies) sc2no.wc4yes: listen
(05:22 / Allies) sc2no.wc4yes: ehres the plan
(05:25 / Allies) sc2no.wc4yes: everyone get a lto of tier 1
(05:28 / Allies) sc2no.wc4yes: and when my tree finishes
(05:30 / Allies) sc2no.wc4yes: we will tp to it
(05:31 / Allies) sc2no.wc4yes: ok?
(05:36 / Allies) machx: cool
(05:39 / Allies) xanadustc: k
(07:21 / Allies) sc2no.wc4yes: ok wait
(07:28 / Allies) sc2no.wc4yes: im gonan eat thru woods
(07:29 / Allies) sc2no.wc4yes: then tp
(07:44 / Allies) sc2no.wc4yes: all ready to tp?
(07:50 / Allies) xanadustc: almost...
(07:51 / Allies) sc2no.wc4yes: tp on the far side of the trees
(07:55 / Allies) xanadustc: getttings last few archers
(07:56 / Allies) sc2no.wc4yes: in a few seconds
(08:06 / Allies) sc2no.wc4yes: TP NOW
(08:09 / Allies) sc2no.wc4yes: TP ON THE FAR SIDE OF TREES
(08:15 / Allies) sc2no.wc4yes: KILL THE MAIN
(08:22 / Allies) sc2no.wc4yes: WOW MORON
(08:25 / Allies) sc2no.wc4yes: YOU DONT KNOW HOW TO PLACE A TP?
(09:22 / All) sc2no.wc4yes: LOl
(09:54 / Allies) sc2no.wc4yes: next base
(09:54 / Allies) sc2no.wc4yes: go
(10:11 / All) sc2no.wc4yes: MORONS
(10:12 / All) sc2no.wc4yes: RAPED
(11:00 / All) sc2no.wc4yes: YOUR DEATHKNIGHT
(11:01 / All) sc2no.wc4yes: SUCKS
(11:02 / All) sc2no.wc4yes: YOU
(11:02 / All) sc2no.wc4yes: SUCK
(11:03 / All) sc2no.wc4yes: LEAVE